 Dungeon Crawl Stone Soup version 0.30-a0-862-g1aabd4f9c5 (webtiles) character file.

Game seed: 8595988021980576

1036 cforsyth the Thaumaturge (level 8, -5/41 HPs)
             Began as a Deep Elf Earth Elementalist on Mar 8, 2023.
             Was a Believer of Jiyva.
             Slain by a gnoll sergeant
             ... wielding a +0 trident
              (6 damage)
             ... on level 5 of the Dungeon.
             The game lasted 00:07:19 (4157 turns).

cforsyth the Thaumaturge (DEEE)                     Turns: 4157, Time: 00:07:19

Health: -5/41      AC:  4    Str:  5    XL:     8   Next: 4%
Magic:  20/23      EV: 13    Int: 23    God:    Jiyva [**....]
Gold:   196        SH:  0    Dex: 21    Spells: 24/25 levels left

rFire   . . .      SeeInvis .    (no weapon)
rCold   . . .      Faith    .    (no shield)
rNeg    . . .      Spirit   .    a - +0 robe
rPois   .          Reflect  .    B - +1 hat
rElec   .          Rampage  .    (no cloak)
rCorr   +                        (no gloves)
Will    +....                    j - +0 pair of boots
Stlth   ++                       (no amulet)
HPRegen 1.22/turn                m - +6 ring of dexterity
MPRegen 0.48/turn                D - ring of willpower

@: no status effects
A: no striking features
a: Renounce Religion


You were on level 5 of the Dungeon.
You worshipped Jiyva.
Jiyva was pleased with you.
You visited 1 branch of the dungeon, and saw 5 of its levels.
You also visited: Sewer.

You collected 196 gold pieces.

Inventory:

Missiles
 t - a throwing net
Armour
 a - a +0 robe (worn)
 g - a +0 helmet
 j - a +0 pair of boots (worn)
 B - a +1 hat (worn)
Jewellery
 m - a +6 ring of dexterity (left hand)
 D - a ring of willpower (right hand)
Wands
 s - a wand of polymorph (8)
Scrolls
 c - 2 scrolls of magic mapping
 d - 4 scrolls of amnesia {unknown}
 i - a scroll of fear {unknown}
 k - 2 scrolls of identify {unknown}
 l - a scroll of enchant armour {unknown}
 o - 2 scrolls of teleportation {unknown}
 r - a scroll of noise {unknown}
 x - a scroll of acquirement {unknown}
 y - 2 scrolls of blinking {unknown}
 C - a scroll of poison {unknown}
Potions
 b - 2 potions of magic
 e - 2 potions of brilliance {unknown}
 f - a potion of flight {unknown}
 h - 2 potions of degeneration {unknown}
 n - a potion of attraction {unknown}
 p - 2 potions of heal wounds {unknown}
 q - 4 potions of curing {unknown}
 u - 2 potions of mutation {unknown}
 v - 2 potions of haste {unknown}
 w - a potion of might {unknown}
 z - a potion of resistance {unknown}
 A - 3 potions of invisibility {unknown}


   Skills:
 - Level 2.4 Dodging
 - Level 2.4 Stealth
 + Level 9.1 Spellcasting
 - Level 1.1 Transmutations
 + Level 8.0 Earth Magic


You had 24 spell levels left.
You knew the following spells:

 Your Spells              Type           Power      Damage    Failure   Level
a - Sandblast             Erth           94%        2d19      1%          1

Your spell library contained the following spells:

 Spells                   Type           Power      Damage    Failure   Level
 Passwall                 Tmut/Erth      25%        N/A       1%          2
 Stone Arrow              Conj/Erth      56%        3d10      3%          3
 Freeze                   Ice            40%        1d6       6%          1
 Slow                     Hex            40%        N/A       6%          1
 Petrify                  Tmut/Erth      31%        N/A       10%         4
 Confusing Touch          Hex            10%        N/A       19%         3
 Ozocubu's Armour         Ice            10%        N/A       19%         3
 Summon Guardian Golem    Hex/Summ       10%        N/A       19%         3
 Vampiric Draining        Necr           10%        2d6       19%         3
 Freezing Cloud           Conj/Ice/Air   5%         6-21      86%         5
 Metabolic Englaciation   Hex/Ice        5%         N/A       86%         5
 Orb of Destruction       Conj           5%         9d5       100%        7
 Ozocubu's Refrigeration  Ice            5%         4d8       100%        7
 Spellforged Servitor     Conj/Summ      5%         N/A       100%        7
 Death's Door             Necr           5%         N/A       100%        9


Dungeon Overview and Level Annotations

Branches:
Dungeon (5/15)              Sewer (visited)
 Temple: D:4-7

Altars:

Shops:
D:4 ?


Message History

You have reached level 8!
You feel clever.
The blast of sand hits the gnoll sergeant but does no damage.
The gnoll sergeant hits you from afar with a +0 trident.
The gnoll sergeant hits you from afar with a +0 trident!
The blast of sand misses the gnoll sergeant.
The gnoll sergeant hits you from afar with a +0 trident!
You are too injured to fight recklessly!
Unknown command.
A water moccasin comes into view.
You are too injured to fight recklessly!
Casting: Sandblast (safe; 1% risk of failure)
Confirm with . or Enter, or press ? or * to list all spells.
Aiming: Sandblast (safe; 1% risk of failure)
Press: ? - help, Shift-Dir - straight line, f - worm
Aim: a worm (95% to hit)
The blast of sand hits the worm!!
You kill the worm!
The water moccasin hisses angrily.
The gnoll sergeant closely misses you.
Casting: Sandblast (safe; 1% risk of failure)
Confirm with . or Enter, or press ? or * to list all spells.
Aiming: Sandblast (safe; 1% risk of failure)
Press: ? - help, Shift-Dir - straight line, f - gnoll sergeant
Aim: a gnoll sergeant, wielding a +0 trident and wearing a +0 ring mail (89% to hit)
The blast of sand hits the gnoll sergeant!
The gnoll sergeant is moderately wounded.
The gnoll sergeant hits you from afar with a +0 trident!
* * * LOW HITPOINT WARNING * * *
Casting: Sandblast (safe; 1% risk of failure)
Confirm with . or Enter, or press ? or * to list all spells.
Aiming: Sandblast (safe; 1% risk of failure)
Press: ? - help, Shift-Dir - straight line, f/p - gnoll sergeant
Aim: a gnoll sergeant, wielding a +0 trident and wearing a +0 ring mail (moderately wounded, 89% to hit)
The blast of sand hits the gnoll sergeant!
The gnoll sergeant is almost dead.
The gnoll sergeant hits you from afar with a +0 trident!
* * * LOW HITPOINT WARNING * * *
The gnoll sergeant hits you from afar with a +0 trident.
You die...

...### ..#
#...#. ....#
#..). ....#
#?#[# ....
.!..##...
#g..#.###..
#.g......#
#..#####..#
#.....@..#
......S.$.##
...........#
..$........###
.........#...##
.........###..#
.........#
##.####
.........#
#....# .......
#....#


You could see a water moccasin and a gnoll sergeant.

Vanquished Creatures
  A steam dragon (D:4)
  A water moccasin (D:4)
  2 ogres
  A scorpion (D:5)
  A hound (D:5)
  4 jellies (Sewer)
  4 orc priests
  Jessica (D:3)
  An iguana (D:5)
  4 orc wizards
  A gnoll (D:4)
  4 adders
  2 river rats (Sewer)
  An ufetubus (D:4)
  5 worms
  A dart slug (D:3)
  11 orcs
  5 bats
  6 endoplasms
  4 giant cockroaches
  6 goblins
  5 hobgoblins
  4 jackals (D:4)
  11 ball pythons
  6 frilled lizards
  6 kobolds
  5 rats
103 creatures vanquished.

Vanquished Creatures (others)
  3 jellies
  A gnoll bouda (D:4)
  2 gnolls (D:4)
  An endoplasm (D:4)
  2 orcs (D:3)
  A hobgoblin (D:4)
  2 quokkas (D:4)
12 creatures vanquished.

Grand Total: 115 creatures vanquished

Notes
Turn   | Place    | Note
-------+----------+-------------------------------------------
     0 | D:1      | cforsyth the Deep Elf Earth Elementalist began the quest
                  | for the Orb.
     0 | D:1      | Reached XP level 1. HP: 10/10 MP: 6/6
   297 | D:1      | Reached XP level 2. HP: 15/15 MP: 5/8
  1203 | D:2      | Reached skill level 4 in Spellcasting
  1206 | D:2      | Reached XP level 3. HP: 19/19 MP: 5/10
  1598 | D:3      | Noticed Jessica
  1612 | D:3      | Killed Jessica
  1613 | D:3      | Reached XP level 4. HP: 22/24 MP: 3/12
  1653 | D:3      | Reached skill level 5 in Spellcasting
  1674 | D:3      | Reached skill level 5 in Earth Magic
  1674 | D:3      | Reached XP level 5. HP: 15/28 MP: 1/15
  1705 | D:3      | Found a glowing drain.
  1714 | Sewer    | Entered a sewer
  2102 | Sewer    | Reached skill level 6 in Spellcasting
  2103 | Sewer    | Reached XP level 6. HP: 32/32 MP: 9/17
  2204 | Sewer    | Found a viscous altar of Jiyva.
  2340 | Sewer    | Became a worshipper of Jiyva Joatwara the Shapeless
  2632 | D:3      | Reached * piety under Jiyva
  2682 | D:3      | Got Sif Muna's Almanac of the Numb Mausoleum
  3307 | D:4      | Noticed a water moccasin
  3310 | D:4      | Killed a water moccasin
  3311 | D:4      | Reached skill level 7 in Spellcasting
  3367 | D:4      | Reached XP level 7. HP: 26/36 MP: 17/20
  3375 | D:4      | Found Veecim's Magic Scroll Shoppe.
  3434 | D:4      | Reached ** piety under Jiyva
  3623 | D:4      | Noticed a steam dragon
  3630 | D:4      | Killed a steam dragon
  3631 | D:4      | Reached skill level 8 in Spellcasting
  3655 | D:4      | Identified the +0 ring mail of Qaetzuac {rPois}
  4005 | D:5      | Entered Level 5 of the Dungeon
  4108 | D:5      | Reached skill level 9 in Spellcasting
  4152 | D:5      | Reached XP level 8. HP: 33/41 MP: 21/23
  4157 | D:5      | HP: 1/41 [gnoll sergeant/+0 trident (10)]
  4157 | D:5      | Slain by a gnoll sergeant

Illustrated notes

Levels and vault maps discovered:
D:1:      dpeg_arrival_pits, layout_basic, shapermc_ecumenical_altar_petra,
          item_on_display_a
D:2:      layout_basic, st_stairs_9, nicolae_elevator_lobby_plus
D:3:      layout_basic, cheibrodos_sewer_entry_sluice, uniq_jessica
D:4:      layout_basic, serial_shops, shop
D:5:      layout_basic, serial_shops, nicolae_take_the_stairs, minmay_circle_x,
          uniq_crazy_yiuf_cottage

Skill      XL: |  1  2  3  4  5  6  7 |
---------------+----------------------+-----
Spellcasting   | 4 5 6 7 9 |  9.1
Earth Magic    | 4 5 6 8 |  8.0
Dodging        | |  2.4
Stealth        | |  2.4
Transmutations | |  1.1

Action                     |  1- 3 |  4- 6 |  7- 9 || total
---------------------------+-------+-------+-------++-------
  Melee: Unarmed           |       |     3 |       ||     3
   Cast: Sandblast         |    39 |    76 |    38 ||   153
    Use: Scroll            |     1 |       |       ||     1
 Armour: Robe              |     4 |    18 |       ||    22
  Dodge: Dodged            |     4 |    29 |     4 ||    37

Table legend: (Time is in decaauts)
 A = Elapsed time spent in this place.
 B = Non-inter-level travel time spent in this place.
 C = Inter-level travel time spent in this place.
 D = Time resting spent in this place.
 E = Time spent auto-exploring this place.
 F = Levels seen in this place.
 G = Mean time per level.
                   A        B        C        D        E       F      G
               +--------+--------+--------+--------+--------+-----+--------+
         Total |   4263 |   4140 |    123 |    474 |   2977 |   6 |  710.5 |
       Dungeon |   3572 |   3449 |    123 |    230 |   2720 |   5 |  714.4 |
         Sewer |    691 |    691 |      0 |    244 |    257 |   1 |  691.0 |
               +--------+--------+--------+--------+--------+-----+--------+

Top non-repeatable levels by time:
     D:3: 1133 daAuts
     D:2: 848 daAuts
     D:1: 719 daAuts
     D:4: 712 daAuts
   Sewer: 691 daAuts
     D:5: 159 daAuts
